 Dungeon Crawl Stone Soup version 0.16-a0-2844-g9b01c91 (webtiles) character file.

305 Ratboiler the Charmwright (level 6, -8/44 HPs)
             Began as a Mummy Skald on Nov 29, 2014.
             Was an Initiate of Okawaru.
             Mangled by Menkaure (17 damage)
             ... on level 4 of the Dungeon.
             The game lasted 00:09:36 (3183 turns).

Ratboiler the Charmwright (Mummy Skald)             Turns: 3183, Time: 00:09:37

Health: -8/44      AC:  7    Str: 15    XL:     6   Next: 15%
Magic:  8/10       EV:  9    Int: 11    God:    Okawaru [......]
Gold:   175        SH:  0    Dex: 13    Spells: 3 memorised, 4 levels left

rFire  . . .     SeeInvis .     a - +0 mace
rCold  . . .     Clarity  .     n - +0 scale mail
rNeg   + + +     SustAb   .     (no shield)
rPois  ∞         Gourm    .     (no helmet)
rElec  .         Spirit   .     o - +0 cloak
rCorr  .         Warding  .     (no gloves)
rMut   .         Stasis   .     (no boots)
MR     .....                    h - amulet of regeneration
Stlth  ..........               s - ring of fire
                                k - +1 ring of evasion

@: infused, not resistant to hostile enchantments, extremely unstealthy
A: no food or potions, fire vulnerability, restore body, cold resistance 1,
negative energy resistance 3, poison resistance, torment resistance, unbreathing
a: Renounce Religion


You were on level 4 of the Dungeon.
You worshipped Okawaru.
Okawaru was noncommittal.
You were not hungry.

You visited 1 branch of the dungeon, and saw 4 of its levels.

You collected 175 gold pieces.

Inventory:

Hand weapons
 a - a +0 mace (weapon)
 b - a +0 hunting sling
Missiles
 d - 20 bolts
 e - 69 stones (quivered)
 l - 9 poisoned needles
 m - 20 sling bullets
Armour
 n - a +0 scale mail (worn)
 o - a +0 cloak (worn)
 v - a -2 helmet
Jewellery
 h - an amulet of regeneration (around neck)
 k - a +1 ring of evasion (left hand)
 s - a ring of fire (right hand)
 u - an uncursed ring of fire
Scrolls
 f - a scroll of identify
 g - a scroll of fog
 j - a scroll of remove curse
 t - a scroll of recharging
Books
 c - a book of Battle

   Spells                             Type                      Level
   a - Infusion                       Charms                       1
   b - Shroud of Golubria             Charms/Translocation         2
   c - Song of Slaying                Charms                       2
   d - Spectral Weapon                Hexes/Charms                 3
   e - Regeneration                   Charms/Necromancy            3
 i - a book of the Sky

   Spells                             Type                      Level
   a - Flight                         Charms/Air                   3
   b - Airstrike                      Air                          4
   c - Silence                        Hexes/Air                    5
   d - Deflect Missiles               Charms/Air                   6
   e - Conjure Ball Lightning         Conjuration/Air              6
   f - Tornado                        Air                          9
 q - a Necronomicon {highlevel, unknown}

   This book is beyond your current level of understanding.

   Spells                             Type                      Level
   a - Haunt                          Necromancy/Summoning         7
   b - Borgnjor's Revivification      Necromancy                   8
   c - Death's Door                   Charms/Necromancy            8
   d - Necromutation                  Transmutation/Necromancy     8


   Skills:
 - Level 2.0 Fighting
 * Level 3.2 Maces & Flails
 - Level 0.7 Armour
 - Level 0.7 Dodging
 - Level 2.0 Spellcasting
 - Level 5.0 Charms


You had 4 spell levels left.
You knew the following spells:

 Your Spells              Type           Power        Failure   Level  Hunger
a - Infusion              Chrm           ##....       12%         1    N/A
b - Song of Slaying       Chrm           ##......     17%         2    N/A
c - Shroud of Golubria    Chrm/Tloc      #.........   52%         2    N/A

Dungeon Overview and Level Annotations

Branches:
Dungeon (4/15)
 Temple: D:4-7

Altars:
Fedhas
Okawaru
Yredelemnul

Annotations:
D:4 Menkaure


Innate Abilities, Weirdness & Mutations

You do not eat or drink.
Your flesh is vulnerable to fire.
Your flesh is cold resistant.
You are immune to negative energy.
Your system is resistant to poisons.
You are immune to unholy pain and torment.
You can survive without breathing.


Message History

HP restored.
You are no longer magically infusing your attacks.
You see here 27 arrows.
Menkaure, Prince of Dust comes into view.
Menkaure shouts!
Menkaure moves out of view.
Found a stone staircase leading up.
You can't drink.
Read which item? (? for menu, Esc to quit)
Okay, then.
Casting: Song of Slaying
Confirm with . or Enter, or press ? or * to list all spells.
You begin infusing your attacks with magical energy.
Menkaure hits you!!
You barely miss Menkaure. Menkaure hits you!!
* * * LOW HITPOINT WARNING * * *
You thump Menkaure!
Menkaure is moderately damaged.
Menkaure hits you!
You die...

### ##<.## #....# #....# ####
#....### ##..## #......#
#....#####@M..#.##
#.................. ####
##...######..##... ....###
########.### #.## # #.....
#..........# #.######## ##..##
#..........# #.##.....#####.##
#..........####.#.....%...)....
#..........##...........####..#
#.....(.......#........## ##..


You could see Menkaure.

Vanquished Creatures
  A water moccasin skeleton (D:4)
  A hound (D:4)
  2 worker ants (D:4)
  Terence (D:2)
  2 gnolls (D:4)
  7 adders
  2 worms
  A giant gecko (D:1)
  An ooze (D:1)
  2 orcs
  2 ball pythons
  11 bats
  4 giant cockroaches
  5 goblins
  9 hobgoblins
  6 jackals
  8 kobolds
  5 giant newts
  A jackal skeleton (D:4)
  11 rats
82 creatures vanquished.

Notes
Turn   | Place    | Note
--------------------------------------------------------------
     0 | D:1      | Ratboiler, the Mummy Skald, began the quest for the Orb.
     0 | D:1      | Reached XP level 1. HP: 16/16 MP: 3/3
   348 | D:1      | Reached XP level 2. HP: 22/22 MP: 4/4
   404 | D:1      | Reached skill level 3 in Charms
   882 | D:2      | Reached XP level 3. HP: 25/27 MP: 6/6
  1138 | D:2      | Reached skill level 4 in Charms
  1142 | D:2      | Learned a level 2 spell: Song of Slaying
  1145 | D:2      | Learned a level 2 spell: Shroud of Golubria
  1291 | D:2      | Noticed Terence
  1325 | D:2      | Killed Terence
  1325 | D:2      | Reached XP level 4. HP: 25/33 MP: 7/7
  1889 | D:3      | Found a basalt altar of Yredelemnul.
  2096 | D:3      | Found an iron altar of Okawaru.
  2111 | D:3      | Became a worshipper of Warmaster Okawaru
  2615 | D:3      | Reached XP level 5. HP: 34/38 MP: 9/9
  2723 | D:4      | Reached skill level 5 in Charms
  2809 | D:4      | Found a blossoming altar of Fedhas.
  2877 | D:4      | Reached XP level 6. HP: 33/44 MP: 4/10
  2928 | D:4      | Noticed an ogre
  2991 | D:4      | HP: 2/44 [ogre/giant club (19)]
  3176 | D:4      | Noticed Menkaure
  3183 | D:4      | Mangled by Menkaure

Action                   |  1- 3 |  4- 6 || total
-------------------------+-------+-------++-------
Melee: Mace              |   121 |   164 ||   285
 Fire: Hunting sling     |    59 |    11 ||    70
 Cast: Infusion          |     1 |     8 ||     9
       Song of Slaying   |       |     5 ||     5
  Use: Scroll            |       |     7 ||     7
